[Event "FRA-ch Youth 2017"]
[Site "Belfort"]
[Date "2017.04.19"]
[Round "5"]
[White "Daeschler, Florian"]
[Black "Micottis, Dorian"]
[Result "0-1"]
[ECO "A37"]
[WhiteElo "2124"]
[BlackElo "2249"]
[Annotator "NA"]
[PlyCount "76"]
[EventDate "2017.??.??"]
[EventCountry "FRA"]
[SourceTitle "playchess.com"]
[Source "ChessBase"]
[SourceQuality "1"]
[TimeControl "5400+30"]

1. c4 g6 2. Nc3 c5 3. g3 Bg7 4. Bg2 Nc6 5. Nf3 d6 6. O-O Bf5 7. d3 {[%emt 0:04:23] LiveBook: 97 Games A37: Symmetrical English vs ...g6: 4 Bg2 Bg7 5 Nf3} (7. b3 Qd7 8. Bb2 Bh3 9. e3 Bxg2 10. Kxg2 Nf6 11. Nd5 O-O 12. Bxf6 exf6 13. d4 Rad8 14. Qc2 Ne7 15. Nxe7+ Qxe7 {1-0 (48) Banusz,T (2616)-Ragger,M (2682) Graz 2016}) 7... Qd7 8. Rb1 Bh3 9. a3 h5 10. Nd5 Rc8 11. b4 $146 (11. Nh4 Nf6 12. b4 Nxd5 13. cxd5 Bxg2 14. Nxg2 Ne5 {1-0 (34) Tamas,G (2163)-Velickovic,Z (2383) Hungary 2004}) 11... b6 12. Bb2 Bxb2 13. Rxb2 Bxg2 14. Kxg2 h4 15. b5 ({Of course not} 15. Nxh4 g5 16. b5 Ne5 $17) (15. gxh4 Nd4 16. Nxd4 Qg4+ 17. Kh1 Qxd4 $17) 15... Ne5 16. e4 e6 17. Ne3 f5 18. Nxe5 dxe5 19. exf5 Qb7+ 20. f3 gxf5 21. Qe2 (21. g4 $11) 21... Nf6 22. Nxf5 exf5 23. Qxe5+ {[%emt 0:00:03] [#]} Kf7 $1 24. Qxf5 hxg3 25. hxg3 Rce8 26. Qf4 Qd7 27. g4 Qd4 28. Qxd4 cxd4 29. a4 Re3 30. Rd2 Nd7 31. a5 Nc5 32. axb6 axb6 33. Kg3 Kg6 34. Rff2 Rf8 35. Kg2 Kg5 36. Rde2 Nxd3 37. Rxe3 dxe3 38. Ra2 e2 0-1

[Event "FRA-ch Youth 2017"]
[Site "Belfort"]
[Date "2017.04.19"]
[Round "5"]
[White "Mazzella, Enzo"]
[Black "Travadon, Loic"]
[Result "0-1"]
[ECO "A45"]
[WhiteElo "2111"]
[BlackElo "2348"]
[Annotator "ChessBase"]
[PlyCount "90"]
[EventDate "2017.??.??"]
[EventCountry "FRA"]
[SourceTitle "playchess.com"]
[Source "ChessBase"]
[SourceQuality "1"]
[TimeControl "5400+30"]

1. Nf3 c5 2. b3 d5 3. Bb2 Nf6 4. g3 Nc6 5. Bg2 e6 6. d4 Bd6 7. O-O O-O {[%emt 0:00:18] LiveBook: 5 Games} 8. c4 {[%emt 0:02:41] D02: 1 d4 d5 2 Nf3 sidelines, including 2...Nf6 3 g3 and 2...Nf6 3 Bf4} (8. Nbd2 cxd4 9. Nxd4 e5 10. Nxc6 bxc6 11. c4 Rb8 12. Qc2 Qe7 13. Rac1 Bb4 14. e3 Bg4 15. Nf3 Bd6 {½-½ (45) Chirila,I (2522)-Krush,I (2444) Saint Louis 2017}) 8... dxc4 9. dxc5 Bxc5 10. Qc2 Be7 11. Qxc4 Nd5 12. Rd1 $146 (12. Ne5 Nxe5 13. Bxe5 Bd7 14. Bxd5 exd5 15. Qd4 f6 16. Qxd5+ {½-½ (61) Darban,M (2327)-Khoshkalam,S (2252) Teheran 2015}) 12... Qb6 13. e4 Nf6 14. Nbd2 Bd7 15. Qe2 a5 ({Black should play} 15... Na5 $14) 16. Nc4 Qc7 17. Rac1 Rfd8 18. Nfe5 Be8 19. Nxc6 Rxd1+ 20. Rxd1 bxc6 21. Be5 Qa7 22. Bxf6 Bxf6 23. Nd6 Qc5 24. Qc4 Qb6 25. Rc1 Bd7 26. Qc5 Qxc5 27. Rxc5 Bd4 28. Rc2 e5 29. Kf1 c5 30. Nb7 a4 31. Nxc5 Rc8 32. b4 Bb5+ 33. Kg1 f6 34. Bh3 Rc7 $16 35. Be6+ Kf8 36. Bf5 (36. Bc4 $14 Bxc4 37. Rxc4) 36... Kf7 37. Bg4 Ke7 38. Bf5 g6 39. Bh3 Kd6 40. Rd2 Ke7 41. Rc2 Kd6 42. Rd2 Ke7 43. Rc2 Kd6 44. Rd2 Ke7 45. Ne6 Rc6 0-1

[Event "FRA-ch Youth 2017"]
[Site "Belfort"]
[Date "2017.04.19"]
[Round "5"]
[White "Kern, Nicolas"]
[Black "Caloone, Thomas"]
[Result "1/2-1/2"]
[ECO "A41"]
[WhiteElo "2085"]
[BlackElo "2149"]
[Annotator "NA"]
[PlyCount "130"]
[EventDate "2017.??.??"]
[EventCountry "FRA"]
[SourceTitle "playchess.com"]
[Source "ChessBase"]
[SourceQuality "1"]
[TimeControl "5400+30"]

1. e4 e5 2. Nf3 Nc6 3. Nc3 Nf6 4. Bb5 Bd6 5. d3 O-O {[%emt 0:15:06] C48: Four Knights: 4 Bb5, replies other than 4...Bb4} (5... h6 6. a3 a6 7. Bc4 Bc5 8. b4 Ba7 9. h3 d6 10. Ne2 Be6 11. Bxe6 fxe6 12. Ng3 O-O 13. c3 Qe8 14. O-O Nh5 15. Nxh5 Qxh5 {½-½ (24) Svidler,P (2741)-Yu,Y (2750) Shenzhen 2017}) 6. O-O Re8 7. Bg5 {[%emt 0:07:30] LiveBook: 4 Games} a6 8. Bc4 h6 9. Bxf6 $146 (9. Bh4 Be7 10. Bxf6 Bxf6 11. Nd5 d6 12. b4 Bg4 {0-1 (32) Blazquez Lafuente,D-Glavina,P (2460) Alfaro 2010}) 9... Qxf6 10. Nd5 Qd8 $1 11. a4 Bc5 12. c3 d6 13. h3 Ba7 14. Re1 Ne7 15. Ne3 Ng6 16. Qb3 Rf8 17. d4 c6 18. dxe5 dxe5 19. a5 Qf6 20. Nf5 Nf4 21. Qc2 Be6 22. Bf1 g6 23. Nxh6+ Kg7 24. Ng4 Nxh3+ 25. gxh3 Bxg4 26. hxg4 Qxf3 27. Qe2 Qf4 28. Bg2 Rh8 29. Qf3 Qxf3 30. Bxf3 Rh3 31. Kg2 Rah8 32. Rh1 Rxh1 33. Rxh1 Rxh1 34. Kxh1 Bxf2 35. g5 Be3 36. Bg4 b6 37. axb6 Bxb6 38. Bd7 c5 39. Kg2 Bd8 40. b4 a5 41. bxa5 Bxa5 42. c4 Bd2 43. Kf3 Bxg5 44. Kg4 Bd2 45. Bc8 Kf6 46. Bd7 Ke7 47. Bc8 Kd8 48. Bb7 Kd7 49. Bd5 Ke7 50. Bb7 Be3 51. Bd5 f6 52. Bb7 Bf4 53. Bd5 Ke8 54. Bb7 Kd7 55. Bd5 Kc7 56. Bf7 g5 57. Be6 Kb6 58. Kf5 Ka5 59. Kxf6 Kb4 60. Kf5 Kc3 61. Kg4 Kd3 62. Bd5 $1 Ke3 63. Bc6 Kd4 64. Bd5 Kd3 65. Kf3 Kd4 $11 1/2-1/2

[Event "FRA-ch Youth 2017"]
[Site "Belfort"]
[Date "2017.04.19"]
[Round "5"]
[White "Gao, Etienne"]
[Black "Coiffait, Pierre-Basile"]
[Result "1/2-1/2"]
[ECO "C48"]
[WhiteElo "2017"]
[BlackElo "2193"]
[Annotator "NA"]
[PlyCount "129"]
[EventDate "2017.??.??"]
[EventCountry "FRA"]
[SourceTitle "playchess.com"]
[Source "ChessBase"]
[SourceQuality "1"]
[TimeControl "5400+30"]

1. e4 c5 2. Nf3 a6 3. g3 d6 4. Bg2 {[%emt 0:04:08] B28: Sicilian: 2 Nf3 a6 (O'Kelly Variation)} Nc6 (4... Nf6 5. Qe2 Nc6 6. O-O Bg4 7. c3 g6 8. h3 Bxf3 9. Bxf3 Bg7 10. Bg2 O-O 11. d3 Rb8 {1-0 (58) Zufic,M (2459)-Bogut,Z (2434) Bol 2015}) 5. d4 Bg4 6. d5 $146 (6. c3 Nf6 7. Qc2 Qc7 8. O-O Rc8 9. dxc5 dxc5 10. Bg5 e5 11. Bxf6 gxf6 {0-1 (61) Feicht,R (1490)-Beckers,M (1855) Bad Woerishofen 2001}) 6... Ne5 7. Nbd2 Nf6 8. h3 Nxf3+ 9. Nxf3 Bxf3 10. Qxf3 g6 11. O-O Bg7 12. a4 O-O 13. a5 b5 14. axb6 Qxb6 15. Ra2 a5 16. Qe2 Ra7 17. f4 Nd7 18. Kh2 a4 19. Rf3 Rfa8 20. Bf1 Qc7 21. Rfa3 e6 22. dxe6 fxe6 23. Qg4 Nf8 24. Bc4 Qe7 25. b3 h5 26. Qf3 axb3 27. Qxb3 Rxa3 28. Rxa3 Rxa3 29. Bxa3 Kh7 30. Qf3 Qf6 31. e5 dxe5 32. Bxc5 exf4 33. Qxf4 Qc3 34. Qe4 Nd7 35. Be3 Nf6 36. Qd3 Qe5 37. Bf4 Qc5 38. Be3 Qe5 39. Qe2 Qd6 40. Bd3 e5 41. c4 h4 42. Bf2 hxg3+ 43. Bxg3 Qd4 44. Bc2 e4 45. c5 Qxc5 46. Bxe4 Nh5 47. Bd3 Qg5 48. Qg4 Qd2+ 49. Qe2 Qg5 50. Qg4 Qd2+ 51. Qe2 Qg5 52. Qg4 Qh6 53. Bd6 Qd2+ 54. Qe2 Qg5 55. Bc7 Nf4 56. Bxf4 Qxf4+ 57. Kg2 Kh6 58. Qe4 Qg5+ 59. Qg4 Qd2+ 60. Qe2 Qf4 61. Qe4 Qxe4+ $11 62. Bxe4 g5 63. Bf5 Kh5 64. Be6 Kh4 65. Bf5 1/2-1/2

[Event "FRA-ch Youth 2017"]
[Site "Belfort"]
[Date "2017.04.19"]
[Round "5"]
[White "Lomandong Noela-Joyce"]
[Black "Romas, Lionia"]
[Result "1-0"]
[ECO "D43"]
[WhiteElo "1987"]
[BlackElo "1655"]
[Annotator "NA"]
[PlyCount "59"]
[EventDate "2017.??.??"]
[EventCountry "FRA"]
[SourceTitle "playchess.com"]
[Source "ChessBase"]
[SourceQuality "1"]
[TimeControl "5400+30"]

1. d4 Nf6 2. Nf3 d5 3. c4 c6 4. Nc3 e6 5. g3 Be7 6. Bg2 O-O 7. O-O Nbd7 8. Qc2 Re8 {[%emt 0:04:27] E07: Closed Catalan: Main Line (5 Nf3 0-0 6 0-0 Nbd7)} ({Black should try} 8... dxc4 $15 9. a4 (9. Rd1 Nd5 10. e4 Nxc3 11. bxc3 Qa5 12. h4 e5 13. Be3 f6 14. Nd2 Nb6 15. Bf1 Be6 16. Rab1 Kh8 {0-1 (59) Atalik,E (2414)-Atalik,S (2550) Tekirdag 2016}) 9... a5) 9. Rd1 Nb6 10. c5 Nbd7 11. b4 b6 $146 (11... Bf8 12. Bf4 Nh5 13. a4 f6 14. Bc1 f5 15. b5 Qc7 16. a5 g6 {0-1 (46) Otero Martinez,D (2065)-Martinez,C (2253) Cali 2008}) 12. Rb1 bxc5 13. bxc5 Qc7 14. Bf4 Qa5 15. Bd2 Qc7 16. Bf4 (16. e4 $16) 16... Qa5 17. e4 Ba6 18. Bd2 dxe4 19. Nxe4 Qc7 (19... Qd8 $142) 20. Bf4 Qa5 21. Ne5 Bb5 $18 (21... Nxe5 $16 22. Nxf6+ (22. dxe5 Nd5 $16) 22... gxf6) 22. Nxc6 Bxc6 23. Nxf6+ Bxf6 24. Bxc6 Rad8 25. Qa4 Qxa4 26. Bxa4 e5 27. dxe5 Nxe5 28. Bxe8 Rxe8 29. Bxe5 Bxe5 30. Re1 1-0

[Event "FRA-ch Youth 2017"]
[Site "Belfort"]
[Date "2017.04.19"]
[Round "5"]
[White "Retailleau, Elise"]
[Black "Leriche, Ines"]
[Result "1-0"]
[ECO "B38"]
[WhiteElo "1946"]
[BlackElo "2037"]
[Annotator "NA"]
[PlyCount "73"]
[EventDate "2017.??.??"]
[EventCountry "FRA"]
[SourceTitle "playchess.com"]
[Source "ChessBase"]
[SourceQuality "1"]
[TimeControl "5400+30"]

1. e4 c5 2. Nf3 g6 3. d4 cxd4 4. Nxd4 Nc6 5. c4 Bg7 6. Be3 Nf6 7. Nc3 O-O 8. Be2 d6 9. O-O Nxd4 10. Bxd4 ({But not} 10. Qxd4 Ng4 11. Qd3 Nxe3 12. Qxe3 b6 $11) 10... Bd7 11. Qd2 Bc6 12. f3 a5 13. b3 Nd7 14. Be3 Nc5 15. Rac1 e6 {[%emt 0:00:57] B38: Sicilian: Maroczy Bind with 5...Bg7 and 7...0-0} 16. Rfd1 Be5 {[%emt 0:00:38] LiveBook: 8 Games} 17. Bf1 (17. Rc2 Qe7 18. Nb5 Qh4 19. g3 Bxg3 20. hxg3 Qxg3+ 21. Kf1 Nxe4 22. Qd3 f5 23. Nd4 f4 24. Nxc6 fxe3 25. Qxe3 Rf4 26. Nd4 Rh4 27. Qg1 Rh1 {0-1 (27) Lupulescu,C (2618)-Iturrizaga Bonelli,E (2650) Baku 2016}) 17... Qe7 18. Nb5 b6 {[%emt 0:05:24] [#]} 19. Bg5 $1 ({Don't consider} 19. Nxd6 $2 Rfd8 20. Nc8 {[#]} Bxh2+ $1 21. Kh1 Raxc8 $19) 19... f6 20. Be3 $146 (20. Bh6 Rfd8 21. f4 Bxb5 22. cxb5 Nxe4 23. Qe3 {1-0 (42) Nasuta,G (2448)-Mladek,R (2024) London 2016}) 20... Bxb5 (20... g5 $14) 21. cxb5 g5 22. g3 Qg7 $18 (22... Kh8 $16 23. Bc4 h6) 23. Qg2 Rad8 24. Rc2 f5 25. f4 Bf6 26. exf5 exf5 27. Qd5+ Kh8 28. Qxf5 Bd4 29. Bxd4 Rxf5 30. Bxg7+ Kxg7 31. fxg5 Rxg5 32. Bc4 h5 33. Rf2 h4 34. Rf7+ Kg6 35. Rdf1 Nd7 36. Bd3+ Kh6 37. Rh7# 1-0

[Event "FRA-ch Youth 2017"]
[Site "Belfort"]
[Date "2017.04.19"]
[Round "5"]
[White "Gospodaru, Teodora"]
[Black "De Talance, Berenice"]
[Result "1/2-1/2"]
[ECO "A04"]
[WhiteElo "1827"]
[BlackElo "1757"]
[Annotator "NA"]
[PlyCount "21"]
[EventDate "2017.??.??"]
[EventCountry "FRA"]
[SourceTitle "playchess.com"]
[Source "ChessBase"]
[SourceQuality "1"]
[TimeControl "40/5400+30:1800+30"]

1. d4 Nf6 2. c4 c5 3. d5 b5 4. Qc2 bxc4 5. e4 e6 6. Nc3 exd5 7. e5 Ng4 8. Nxd5 d6 9. Qe4 Be6 10. Nf4 d5 11. Nxe6 1/2-1/2

[Event "FRA-ch Youth 2017"]
[Site "Belfort"]
[Date "2017.04.19"]
[Round "5"]
[White "Bellahcene, Anissa"]
[Black "Afraoui, Anaelle"]
[Result "0-1"]
[ECO "B22"]
[WhiteElo "1806"]
[BlackElo "1977"]
[Annotator "NA"]
[PlyCount "64"]
[EventDate "2017.??.??"]
[EventCountry "FRA"]
[SourceTitle "playchess.com"]
[Source "ChessBase"]
[SourceQuality "1"]
[TimeControl "5400+30"]

1. e4 c5 2. c3 Nf6 3. e5 Nd5 4. d4 cxd4 5. Qxd4 Nb6 {[%emt 0:04:34] B22: Sicilian: 2 c3} (5... e6 6. Nf3 Nc6 7. Qe4 f5 8. exf6 Nxf6 9. Qh4 Be7 10. Bd3 O-O 11. Bg5 h6 12. Bxh6 gxh6 13. Qg3+ Kh8 14. Qg6 Bd6 15. Qxh6+ Kg8 16. Qg6+ Kh8 17. Qh6+ Kg8 18. Qg6+ Kh8 {½-½ (18) Hamdouchi,H (2627)-Bauer,C (2682) Pau 2012}) 6. Bd3 Nc6 7. Qe4 g6 $146 (7... d5 8. exd6 Qxd6 9. Bf4 Qd5 10. Nf3 Bg4 11. Nbd2 Rd8 12. Be2 e6 13. Qxd5 Nxd5 {½-½ (56) Majstr,J (1870)-Fric,P (2003) Czechia 2010}) 8. Qe2 Bg7 9. f4 (9. Nf3 $11) 9... d6 10. exd6 Qxd6 11. Nf3 O-O 12. O-O Rd8 13. Bc2 Be6 14. Na3 Rac8 15. Ng5 Bd5 16. Bb3 (16. Re1 $11) 16... Bxb3 17. axb3 Qd3 18. Qg4 $2 (18. Qxd3 $11 Rxd3 19. Ne4) 18... Nd5 19. Rd1 Ne3 (19... Nf6 $19 20. Rxd3 Nxg4) 20. Bxe3 Qxe3+ 21. Kh1 {[%emt 0:00:47] [#]} Qf2 $1 22. Nc4 b5 23. Na5 Nxa5 24. Rxa5 {[%emt 0:00:05] [#]} Rxd1+ $15 (24... Qxf4 $1 $19 {[%mdl 512] ( -> ...Be5)} 25. Qe2 (25. Qxf4 Rxd1+) 25... Qxg5) 25. Qxd1 Qxb2 26. Rxa7 Rxc3 27. Ra8+ Bf8 28. Rxf8+ Kxf8 29. Qd8+ Kg7 30. Ne6+ Kh6 31. Qf8+ Kh5 32. Ng7+ Kg4 0-1

[Event "FRA-ch Youth 2017"]
[Site "Belfort"]
[Date "2017.04.19"]
[Round "5"]
[White "Mars, Fiona"]
[Black "Fretel, Liza"]
[Result "0-1"]
[ECO "A05"]
[WhiteElo "1799"]
[BlackElo "1801"]
[Annotator "NA"]
[PlyCount "84"]
[EventDate "2017.??.??"]
[EventCountry "FRA"]
[SourceTitle "playchess.com"]
[Source "ChessBase"]
[SourceQuality "1"]
[TimeControl "5400+30"]

1. Nf3 Nf6 2. e3 g6 3. d4 c5 4. Be2 Bg7 5. O-O O-O 6. b3 {[%emt 0:01:49] A48: 1 d4 Nf6 2 Nf3 g6: Torre, London and Colle Systems} (6. dxc5 Qa5 7. a3 Qxc5 8. b4 Qc7 9. Bb2 d5 10. Nbd2 Bg4 11. Rc1 Nbd7 12. c4 dxc4 13. Rxc4 Qb8 {1-0 (50) Wojtaszek,R (2749)-Volokitin,A (2649) Doha 2016}) 6... cxd4 7. exd4 {[%emt 0:00:55] LiveBook: 12 Games} b6 8. Bb2 Ba6 9. Nbd2 d5 10. Re1 $146 (10. Bxa6 Nxa6 11. Qe2 Nb8 12. Rfe1 e6 13. Ne5 Qc8 14. c4 Qb7 15. a4 Nc6 16. Ndf3 {0-1 (35) Frometa Castillo,Z (2128)-Delgado Ramos,H (2460) Panama City 2013}) 10... Re8 11. Ne5 Bxe2 12. Qxe2 e6 13. Ndf3 Ne4 14. c4 f6 15. cxd5 exd5 16. Nd3 Nc6 17. Qd1 Rc8 18. Rc1 Qd7 19. Rc2 g5 $11 20. Rce2 Nd6 21. Rxe8+ Rxe8 22. Rxe8+ Qxe8 23. Ba3 Nb5 24. Bb2 Qe4 25. Nde1 g4 26. Nd2 Qf4 27. g3 Qf5 28. Nc2 Qd3 29. Ne1 Qg6 30. Nc2 f5 31. Nf1 Qe6 32. Qd3 Nd6 33. Nd2 Bh6 34. Qc3 Ne7 35. Ne3 f4 36. Ng2 f3 37. Ne3 Ne4 38. Nxe4 Qxe4 39. Qc1 Qe6 40. Qc3 Qg6 41. Qc2 Qh5 42. Bc1 Qh3 0-1

[Event "FRA-ch Youth 2017"]
[Site "Belfort"]
[Date "2017.04.19"]
[Round "5"]
[White "Belluire, Beatrice"]
[Black "Rollot, Florence"]
[Result "0-1"]
[ECO "B51"]
[WhiteElo "1786"]
[BlackElo "1973"]
[Annotator "NA"]
[PlyCount "62"]
[EventDate "2017.??.??"]
[EventCountry "FRA"]
[SourceTitle "playchess.com"]
[Source "ChessBase"]
[SourceQuality "1"]
[TimeControl "5400+30"]

1. e4 c5 2. Nf3 d6 3. Bb5+ Nd7 4. d4 Ngf6 5. Nc3 cxd4 6. Qxd4 a6 {[%emt 0:04:12] B51: Sicilian: Moscow Variation (3 Bb5+) without 3...Bd7} 7. Bxd7+ {[%emt 0:11:39] LiveBook: 82 Games} Bxd7 8. O-O e5 9. Qd3 Be7 (9... h6 10. Nd2 b5 11. a4 Rb8 12. Rd1 Be7 13. axb5 axb5 14. Nf1 b4 15. Nd5 Nxd5 16. Qxd5 {½-½ (31) Anand,V (2816)-Topalov,V (2816) Saint Louis 2015}) 10. h3 O-O 11. Be3 Rc8 12. a4 $146 (12. Rfd1 Bc6 13. Rac1 b5 14. a3 Qc7 15. Bg5 Rfd8 16. Bxf6 Bxf6 {0-1 (50) Foughali,Y (1359)-Krupa,M (1808) Prague 2016}) 12... Be6 13. Rfe1 h6 14. a5 Qd7 15. Nd2 Qc6 16. Rac1 Bd8 17. Ra1 d5 18. exd5 Nxd5 19. Ndb1 $2 (19. Nxd5 $11 {and White has nothing to worry.} Bxd5 20. f3) 19... Nb4 20. Qe2 Bf5 21. Rc1 (21. Na3 $142) 21... Qg6 22. Na3 Bxa5 23. Nc4 Bc7 24. Bc5 Nxc2 25. Bxf8 Nxa1 26. Rxa1 Rxf8 27. Nxe5 Bxe5 28. Qxe5 $19 Rd8 29. Nd5 Qe6 30. Ne7+ Kh8 31. Nxf5 Qxe5 0-1

[Event "FRA-ch Youth 2017"]
[Site "Belfort"]
[Date "2017.04.19"]
[Round "5"]
[White "Chachiachvili, Mariam"]
[Black "Bartels, Karina"]
[Result "1/2-1/2"]
[ECO "B40"]
[WhiteElo "1742"]
[BlackElo "1759"]
[Annotator "NA"]
[PlyCount "104"]
[EventDate "2017.??.??"]
[EventCountry "FRA"]
[SourceTitle "playchess.com"]
[Source "ChessBase"]
[SourceQuality "1"]
[TimeControl "40/5400+30:1800+30"]

1. e4 c5 2. Nf3 e6 3. d4 cxd4 4. Nxd4 Nf6 5. Nc3 d6 6. Be2 Be7 7. O-O O-O 8. Be3 Nc6 9. f4 Bd7 10. Qe1 e5 {[%emt 0:01:18] LiveBook: 5 Games B83: Sicilian Scheveningen: 6 Be2, lines without ...a6} 11. fxe5 dxe5 12. Nf5 Bxf5 $1 13. exf5 Rc8 $146 (13... Bb4 14. a3 Bxc3 15. Qxc3 Rc8 16. Qd3 Qe7 17. Rad1 Rfd8 18. Qb3 {0-1 (59) Vujacic,B (2261)-Damljanovic,B (2588) Skopje 2016}) 14. Qg3 {[%emt 0:06:31] [#]} (14. Kh1 $11) 14... Nd4 $1 15. Bd1 ({Not} 15. Qxe5 $2 Nxe2+ 16. Nxe2 Ng4 $19) 15... Re8 16. Kh1 ({Not} 16. Qxe5 $2 Bc5 17. Qg3 {[#]} Rxe3 $1 18. Qxe3 Nxf5 $1 19. Qxc5 Rxc5 $19) 16... Qb6 17. Bc1 Qa6 18. Qe1 {[%emt 0:11:59] [#]} (18. Rf2 $17) 18... Bb4 $1 19. a3 {[%emt 0:05:18] [#]} Rxc3 $1 20. axb4 Qxa1 21. bxc3 Qxc1 22. cxd4 exd4 23. Qf2 {[%emt 0:01:25] [#]} Qe3 $2 (23... Qb2 $1 $19 {has better winning chances.} 24. h3 Qxb4) 24. Qxe3 dxe3 25. Bf3 Ne4 26. Re1 g6 27. Kg1 Nd2 28. Bxb7 gxf5 29. g3 Re7 30. Bd5 Kg7 31. c4 Kf6 32. Kg2 f4 33. gxf4 Kf5 34. Kg3 f6 35. c5 Rg7+ 36. Kh3 Kxf4 37. c6 Ne4 38. Kh4 Nc3 39. Bc4 f5 40. Be6 Ne4 41. Rf1+ Nf2 42. Bd7 Rg2 43. h3 Rh2 44. Bxf5 Kxf5 45. Kg3 Rxh3+ 46. Kg2 Kf4 47. c7 Rg3+ 48. Kh2 Rg8 49. Rg1 Rc8 50. b5 Rxc7 51. b6 axb6 52. Rg7 Ng4+ 1/2-1/2

[Event "FRA-ch Youth 2017"]
[Site "Belfort"]
[Date "2017.04.19"]
[Round "5"]
[White "Rubsamen, Anais"]
[Black "Yuan, Beline"]
[Result "1-0"]
[ECO "A12"]
[WhiteElo "1610"]
[BlackElo "1845"]
[Annotator "NA"]
[PlyCount "128"]
[EventDate "2017.??.??"]
[EventCountry "FRA"]
[SourceTitle "playchess.com"]
[Source "ChessBase"]
[SourceQuality "1"]
[TimeControl "5400+30"]

1. d4 d5 2. c4 dxc4 3. Nf3 Nf6 4. e3 Bg4 5. Bxc4 e6 6. Nc3 Nc6 7. h3 Bh5 8. Be2 Bd6 9. O-O O-O 10. b3 a6 11. Bb2 Qe7 12. Rc1 Rad8 {[%emt 0:01:12] LiveBook: 5 Games} 13. Ne5 {[%emt 0:09:59] D22: Queen's Gambit Accepted: 3 Nf3 a6 4 e3} Nxe5 14. Bxh5 Ned7 $146 (14... Ng6 15. Bxg6 hxg6 16. Qf3 c6 17. Rfd1 e5 18. dxe5 Bxe5 19. Rxd8 Rxd8 20. Rd1 b5 {½-½ (62) Giri,A (2785)-Carlsen,M (2855) Bilbao 2016}) 15. Bf3 c6 16. Qc2 e5 17. Ne4 Nxe4 18. Bxe4 Nf6 19. dxe5 Bxe5 20. Bxe5 Qxe5 21. Bf3 Rd6 22. Rfd1 Rfd8 23. Rxd6 Rxd6 24. b4 h6 25. a4 Ne8 26. Qa2 Nc7 27. Rc5 Qe6 28. Qc2 Qd7 29. Bg4 Qd8 30. Rc4 Rd2 31. Qf5 Ne8 32. Rc1 Rd5 33. Qf4 Qd6 34. Qc4 Nc7 35. Bf3 Rd2 36. Qc3 g6 37. Rb1 h5 38. Qc5 Ne6 39. Qa5 (39. Qxd6 $11 {remains equal.} Rxd6 40. g4) 39... Kh7 40. h4 {[%emt 0:01:51] [#]} (40. b5 $11) 40... Qc7 (40... Qd3 $1 $17 41. Rf1 Rb2) 41. Qxc7 Nxc7 42. Kf1 Kg7 43. g4 hxg4 44. Bxg4 f5 45. Bf3 Kf6 46. Be2 Nd5 47. Rb3 Ra2 48. b5 Rxa4 49. bxc6 bxc6 50. h5 Ra1+ 51. Kg2 {[%emt 0:00:07] [#]} gxh5 $1 52. Bxh5 a5 53. Bf3 a4 54. Rb8 a3 (54... Ke6 $19 {and Black stays clearly on top. White must now prevent ...a3.} 55. Rd8 Nc7) 55. Bxd5 $1 cxd5 56. Ra8 Ke5 $11 ({Don't take} 56... a2 57. Ra6+ Ke7 58. Kf3 $17) 57. Kf3 Kd6 58. Ra5 Ra2 59. Kg3 Ke6 60. Ra6+ Ke5 61. Kf3 Ra1 62. Ra5 Ra2 63. Ra6 Ra1 64. Ra5 Ra2 {[%emt 0:00:33] Ke4+} 1-0

[Event "FRA-ch Youth 2017"]
[Site "Belfort"]
[Date "2017.04.19"]
[Round "5"]
[White "Favarel-Lubeigt, Helina"]
[Black "Croisille, Shanti"]
[Result "0-1"]
[ECO "E71"]
[WhiteElo "1537"]
[BlackElo "1539"]
[Annotator "NA"]
[PlyCount "100"]
[EventDate "2017.??.??"]
[EventCountry "FRA"]
[SourceTitle "playchess.com"]
[Source "ChessBase"]
[SourceQuality "1"]
[TimeControl "40/5400+30:1800+30"]

1. e4 c5 2. Nf3 Nc6 3. d4 cxd4 4. Nxd4 e5 5. Nb5 d6 6. c4 Be7 7. N1c3 a6 8. Na3 Be6 9. Be2 Nf6 10. O-O O-O 11. Be3 Rc8 12. Qd2 Na5 {[%emt 0:14:01] B32: Sicilian: Löwenthal and Kalashnikov Variations} (12... Nd7 13. Rac1 Nc5 14. f3 Nd4 15. Bxd4 exd4 16. Qxd4 Qb6 17. Rc2 Bf6 18. Qe3 Qb4 19. Qd2 Na4 20. Nd5 {½-½ (37) Anand,V (2779)-Caruana,F (2823) Saint Louis 2016}) 13. Nd5 Bxd5 14. exd5 b6 15. f4 $146 (15. f3 Nb7 16. Nc2 a5 17. Na3 Nc5 18. Nb5 Ra8 19. b3 Nfd7 20. Bd3 Nxd3 21. Qxd3 {1-0 (48) Sleich,J (2225)-Kovalevskaya,E (2350) Decin 1997}) 15... Ne4 16. Qd3 f5 17. b4 Nb7 18. fxe5 (18. Bf3 $11) 18... dxe5 19. Nc2 (19. Rxf5 $11 Rxf5 20. Qxe4) 19... Ned6 20. Qb3 f4 21. Bc1 Qc7 22. Bb2 Nxc4 23. Na3 b5 24. Rac1 Qb6+ 25. Kh1 Nbd6 26. Nxc4 Nxc4 27. Qh3 Qf6 28. Bd3 g6 29. Rfe1 Bd6 30. Be4 Rc7 31. Bc3 Qe7 32. Qd3 Qg5 33. Qh3 Re7 34. Rc2 Ne3 35. Rce2 Ng4 36. Bf3 h5 37. Bxg4 hxg4 38. Qd3 g3 39. h3 Qf5 40. Qf3 Rc8 41. Bb2 Rc4 42. Re4 Rec7 43. R4e2 Rc2 44. Rxc2 Rxc2 45. Ba1 e4 46. Qd1 Rxg2 47. Kxg2 f3+ 48. Kg1 f2+ 49. Kg2 Qf3+ 50. Qxf3 fxe1=N+ 0-1

[Event "FRA-ch Youth 2017"]
[Site "Belfort"]
[Date "2017.04.20"]
[Round "6"]
[White "Travadon, Loic"]
[Black "Bournel, Antoine"]
[Result "1-0"]
[ECO "B27"]
[WhiteElo "2348"]
[BlackElo "1933"]
[Annotator "NA"]
[PlyCount "104"]
[EventDate "2017.??.??"]
[EventCountry "FRA"]
[SourceTitle "playchess.com"]
[Source "ChessBase"]
[SourceQuality "1"]
[TimeControl "5400+30"]

1. e4 c5 2. Nf3 g6 3. c3 Bg7 4. d4 cxd4 5. cxd4 d5 6. e5 Bg4 7. Nbd2 Nc6 {[%emt 0:02:00] B27: Sicilian: 2 Nf3, unusual Black 2nd moves} 8. Bb5 e6 9. Bxc6+ bxc6 10. O-O Ne7 11. Nb3 Nf5 $146 (11... O-O 12. h3 Bxf3 13. Qxf3 f6 14. exf6 Bxf6 15. Qc3 Qd6 16. Qc5 Nf5 17. Qxd6 Nxd6 {½-½ (51) Kovchan,A (2576)-Ahmad,A (2170) Dubai 2015}) 12. h3 Bxf3 13. Qxf3 c5 14. Nxc5 Nxd4 15. Qd1 Nc6 16. Qa4 Qc7 17. Be3 O-O 18. f4 Rfd8 19. Rac1 Rac8 20. Rfd1 Qa5 21. Qb3 Rb8 22. Nb7 Qa6 23. Rxc6 $1 Qxc6 24. Nxd8 Qc7 25. Nxe6 $1 fxe6 26. Qa4 Qb7 27. b3 a6 28. Rc1 Rc8 29. Kh2 g5 30. Qa5 gxf4 31. Qb6 Rxc1 32. Qxb7 fxe3 33. Qa8+ Kf7 34. Qa7+ Ke8 35. Qxe3 Rf1 36. g4 Rf7 37. Kg2 Rd7 38. Qd4 Kf7 39. Kf3 Rc7 40. Qf4+ Kg6 41. h4 h6 42. h5+ Kh7 43. g5 hxg5 44. Qxg5 Rf7+ 45. Kg4 Rf5 46. Qg6+ Kh8 47. Qe8+ Kh7 48. Qxe6 {[%emt 0:00:36] Rxe} Rxe5 49. Qg6+ Kh8 50. Qxa6 d4 51. h6 Re4+ 52. Kf5 Re5+ {[%emt 0:00:05] Ke4} 1-0